 Dungeon Crawl Stone Soup version 0.28.0 (webtiles) character file.

Game seed: 3534963381728572693

42 eskoe the Skirmisher (level 3, 0/34 HPs)
             Began as a Minotaur Berserker on Feb 11, 2022.
             Was a Believer of Trog.
             Slain by an endoplasm (1 damage)
             ... on level 2 of the Dungeon.
             The game lasted 00:05:20 (1091 turns).

eskoe the Skirmisher (Minotaur Berserker)           Turns: 1091, Time: 00:05:21

Health: 0/34       AC:  2    Str: 23    XL:     3   Next: 35%
Magic:  2/2        EV: 12    Int:  4    God:    Trog [**....]
Gold:   52         SH:  0    Dex:  9    Spells: 2/2 levels left

rFire   . . .      SeeInvis .   a - +0 hand axe
rCold   . . .      Faith    .   (no shield)
rNeg    . . .      Spirit   .   b - +0 animal skin
rPois   .          Reflect  .   (helmet restricted)
rElec   .          Harm     .   (no cloak)
rCorr   .          Rampage  .   (no gloves)
Will    .....                   (no boots)
Stlth   +.........              (no amulet)
HPRegen 0.11/turn               (no ring)
MPRegen 0.08/turn               (no ring)

@: on berserk cooldown, slowed, very slow
A: horns 2, retaliatory headbutt
a: Renounce Religion, Berserk, Trog's Hand


You were on level 2 of the Dungeon.
You worshipped Trog.
Trog was pleased with you.
You visited 1 branch of the dungeon, and saw 2 of its levels.

You collected 52 gold pieces.

Inventory:

Hand Weapons
 a - a +0 hand axe (weapon)
Armour
 b - a +0 animal skin (worn)
Scrolls
 d - a scroll of teleportation {unknown}
 e - a scroll of magic mapping {unknown}
 f - a scroll of vulnerability {unknown}
Potions
 c - 2 potions of curing {unknown}
 g - a potion of lignification {unknown}


   Skills:
 + Level 4.5 Fighting
 + Level 4.2 Axes
 + Level 2.6 Armour
 + Level 2.4 Dodging
 + Level 0.3 Stealth


You had 2 spell levels left.
You didn't know any spells.
Your spell library was empty.

Dungeon Overview and Level Annotations

Branches:
Dungeon (2/15)

Altars:


Innate Abilities, Weirdness & Mutations

You have a pair of horns on your head.
You reflexively headbutt those who attack you in melee.


Message History

The kobold hits you with a +0 whip!
* * * LOW HITPOINT WARNING * * *
You slash the kobold!
You kill the kobold!
Trog accepts your kill. The hobgoblin hits you.
* * * LOW HITPOINT WARNING * * *
Items here: $ ) ? [[ †.
You barely miss the hobgoblin. You headbutt the hobgoblin.
You kill the hobgoblin!
Trog accepts your kill. The endoplasm freezes you.
You are frozen.
* * * LOW HITPOINT WARNING * * *
You slash the endoplasm!
You kill the endoplasm!
Trog accepts your kill.
A goblin comes into view. It is wielding a +0 club.
You closely miss the ball python.
The goblin shouts!
You hear an angry hiss.
The ball python barely misses you. The ball python completely misses you.
You closely miss the ball python. The ball python closely misses you.
The ball python grabs you. The ball python constricts you.
* * * LOW HITPOINT WARNING * * *
An endoplasm comes into view.
You barely miss the ball python. You barely miss the ball python.
You headbutt the ball python.
You kill the ball python!
Trog accepts your kill.
You feel a strong urge to attack something.
You are no longer berserk.
You are exhausted.
You feel yourself slow down. The goblin hits you with a +0 club.
* * * LOW HITPOINT WARNING * * *
You hit the goblin.
You kill the goblin!
Trog accepts your kill.
A frilled lizard comes into view.
The endoplasm hits you.
You die...

###...........
###.).###.......
#....## ##......
###########....#
#.#####
#.........#....#
##.###
#..)........####
#....##
#.....)....##
#####.##
#..........#
##.#
#..>....†@.# #..
#.....!...J# #..
.............#
#..
##..#########...
#.. ##. .##.
#.#. # l. ..
...#. ### #
...### ##.. . #.


You could see an endoplasm and a frilled lizard (wandering).

Vanquished Creatures
  2 worms (D:2)
  5 ball pythons
  A bat (D:1)
  7 endoplasms
  2 goblins (D:2)
  2 hobgoblins (D:2)
  4 kobolds
  A quokka (D:2)
  11 frilled lizards
  2 rats
37 creatures vanquished.

Vanquished Creatures (others)
  A plant (D:1)
1 creature vanquished.

Grand Total: 38 creatures vanquished

Notes
Turn   | Place    | Note
-------+----------+-------------------------------------------
     0 | D:1      | eskoe the Minotaur Berserker began the quest for the Orb.
     0 | D:1      | Reached XP level 1. HP: 19/19 MP: 0/0
   154 | D:1      | Found a faded altar of an unknown god.
   413 | D:1      | Reached XP level 2. HP: 25/27 MP: 1/1
   545 | D:1      | Reached ** piety under Trog
   978 | D:2      | Reached XP level 3. HP: 29/34 MP: 2/2
  1090 | D:2      | HP: 1/34 [goblin (4)]
  1091 | D:2      | Slain by an endoplasm

Illustrated notes

Levels and vault maps discovered:
D:1:      mainiacjoe_arrival_reflecting_pool, layout_basic,
          dilly_ecumenical_altar_fadedgnrine, minmay_misc_feat_secret_circle,
          minmay_lizard_pond
D:2:      layout_basic, basic_altar, grunt_decor_arrowhead,
          minmay_joined_circles

Skill      XL: |  1  2 |
---------------+-------+-----
Fighting       | 4 |  4.5
Axes           | 4 |  4.2
Armour         | |  2.6
Dodging        | |  2.4
Stealth        | |  0.3

Action                   || total
-------------------------++-------
Melee: Hand axe          ||    62
       Headbutt          ||     7
       Punch             ||     1
Invok: Berserk           ||     1
Armor: Animal skin       ||     4
Dodge: Dodged            ||    45
